 Dungeon Crawl Stone Soup version 0.30-a0-737-gf23d94013f (console) character file.

Game seed: 3023896803330086394

2245761 rlgrobin the Thanatomancer (level 27, 180/180 HPs)
             Began as a Gnoll Wanderer on Feb 1, 2023.
             Was the Champion of Hepliaklqana.
             Escaped with the Orb
             ... and 4 runes!
             The game lasted 04:14:06 (74950 turns).

rlgrobin the Thanatomancer (Gnoll Wanderer)        Turns: 74950, Time: 04:14:06

Health: 180/180    AC: 27    Str: 16    XL:     27
Magic:  51/51      EV: 33    Int: 15    God:    Hepliaklqana [******]
Gold:   3272       SH: 24    Dex: 33    Spells: 31/65 levels left

rFire   + + .      SeeInvis +    a - +8 mithril axe "Arga" {speed, Will+}
rCold   + . .      Faith    .    h - +0 kite shield {rC+}
rNeg    . . .      Spirit   .    U - quicksilver dragon scales
rPois   +          Reflect  +    I - +0 mask of the Dragon {Will+ Slay+3 SInv}
rElec   +          Harm     .    v - +2 cloak {Will+}
rCorr   .          Rampage  .    G - +2 pair of gloves "Ewatef Tymu" {Dex+5}
Will    +++++                    O - +0 pair of boots "Efipog" {Regen+ Dex+4 SInv Stlth-}
Stlth   +++                      M - amulet of reflection
HPRegen 1.30/turn                X - ring "Ducvapab" {rElec Str-3 Int+3 Dex+6}
MPRegen 0.32/turn                w - ring "Zafreoc" {Wiz rF++ Will+}

@: studying Necromancy
A: reduced essence, fangs 1, strong nose, distributed training, frail 1, high MP
1, poison resistance, screaming 1
0: Orb of Zot
}: 4/15 runes: decaying, serpentine, slimy, silver
a: Renounce Religion, Recall Ancestor, Ancestor Identity, Transference, Idealise


You escaped.
You worshipped Hepliaklqana.
Hepliaklqana was exalted by your worship.
You visited 12 branches of the dungeon, and saw 56 of its levels.
You visited 1 bazaar.
You also visited: Trove, Bailey, Ice Cave and Wizlab.

You collected 9314 gold pieces.
You spent 6042 gold pieces at shops.

Inventory:

Hand Weapons
 a - the +8 mithril axe "Arga" (weapon) {speed, Will+}
   (You found it on level 3 of the Crypt)

   Will:      It increases your willpower.
 b - a +3 broad axe of flaming
 d - a +11 heavy club
Missiles
 H - 9 curare-tipped darts (quivered)
 L - 6 throwing nets
Armour
 h - a +0 kite shield of cold resistance (worn)
 r - a +2 pair of boots of flying
 v - a +2 cloak of willpower (worn)
 G - the +2 pair of gloves "Ewatef Tymu" (worn) {Dex+5}
   (You acquired it on level 1 of the Elven Halls)

   Dex:       It affects your dexterity (+5).
 I - the +0 mask of the Dragon (worn) {Will+ Slay+3 SInv}
   (You found it on level 2 of the Depths)

   Slay:      It affects your accuracy & damage with ranged weapons and melee
   (+3).
   SInv:      It lets you see invisible.
   Will:      It increases your willpower.
 O - the +0 pair of boots "Efipog" (worn) {Regen+ Dex+4 SInv Stlth-}
   (You bought it in a shop on level 2 of the Snake Pit)

   Dex:       It affects your dexterity (+4).
   SInv:      It lets you see invisible.
   Regen:     It increases your rate of health regeneration.
   Stlth:     It makes you less stealthy.
 U - quicksilver dragon scales (worn)
Jewellery
 i - the amulet "Wuithraco" {Acrobat *Corrode rF+++ rC+ SInv}
   (You found it on level 3 of the Elven Halls)

   [amulet of the acrobat]

   It increases your evasion while moving and waiting.
   rF:        It renders you almost immune to fire.
   rC:        It protects you from cold.
   SInv:      It lets you see invisible.
   *Corrode:  It may corrode you when you take damage.
 l - the ring of the Sparrow {rF+ Int+6}
   (You found it on level 1 of the Snake Pit)

   [ring of intelligence]

   Int:       It affects your intelligence (+6).
   rF:        It protects you from fire.
 w - the ring "Zafreoc" (right hand) {Wiz rF++ Will+}
   (You found it on level 1 of the Snake Pit)

   [ring of wizardry]

   It improves your spell success rate.
   rF:        It greatly protects you from fire.
   Will:      It increases your willpower.
 J - a +5 ring of evasion
 M - an amulet of reflection (around neck)
 X - the ring "Ducvapab" (left hand) {rElec Str-3 Int+3 Dex+6}
   (You took it off a deep elf annihilator on level 3 of the Elven Halls)

   [ring of dexterity]

   Str:       It affects your strength (-3).
   Int:       It affects your intelligence (+3).
   Dex:       It affects your dexterity (+6).
   rElec:     It insulates you from electricity.
Wands
 x - a wand of polymorph (9)
 B - a wand of iceblast (32)
 C - a wand of digging (15)
 D - a wand of light (18)
 E - a wand of paralysis (13)
 W - a wand of mindburst (36)
Scrolls
 e - 10 scrolls of vulnerability
 t - 6 scrolls of fear
 u - 14 scrolls of fog
 y - a scroll of poison
 A - 11 scrolls of blinking
 F - 4 scrolls of silence
 K - 32 scrolls of identify
 S - 13 scrolls of teleportation
 T - 6 scrolls of magic mapping
 Z - 2 scrolls of summoning
Potions
 f - 8 potions of might
 g - 8 potions of brilliance
 k - 5 potions of magic
 m - 5 potions of invisibility
 n - 14 potions of flight
 q - 16 potions of curing
 s - 9 potions of resistance
 z - 2 potions of cancellation
 P - 2 potions of ambrosia
 Y - 2 potions of haste
Miscellaneous
 c - a phial of floods
 j - a lightning rod (4/4)
 o - a box of beasts
 p - a condenser vane
 N - a phantom mirror


   Skills:
 + Level 20.7 Fighting
 + Level 19.8 Short Blades
 + Level 19.8 Long Blades
 + Level 20.2 Axes
 + Level 19.8 Maces & Flails
 + Level 19.8 Polearms
 + Level 19.8 Staves
 + Level 19.8 Ranged Weapons
 + Level 20.0 Throwing
 + Level 20.7 Armour
 + Level 19.8 Dodging
 + Level 19.9 Stealth
 + Level 19.8 Shields
 + Level 19.8 Unarmed Combat
 + Level 19.8 Spellcasting
 + Level 16.9 Conjurations
 + Level 16.9 Hexes
 + Level 16.9 Summonings
 + Level 22.4 Necromancy
 + Level 16.9 Translocations
 + Level 16.9 Transmutations
 + Level 16.9 Fire Magic
 + Level 16.9 Ice Magic
 + Level 16.9 Air Magic
 + Level 16.9 Earth Magic
 + Level 16.9 Poison Magic
 + Level 21.4 Invocations
 + Level 19.8 Evocations


You had 31 spell levels left.
You knew the following spells:

 Your Spells              Type           Power      Damage    Failure   Level
a - Confusing Touch       Hex            60%        N/A       0%          3
b - Death Channel         Necr           35%        N/A       1%          6
c - Dispel Undead         Necr           70%        3d24      0%          4
d - Swiftness             Air            60%        N/A       0%          3
e - Borgnjor's Vile Clut  Necr/Erth      32%        N/A       1%          5
f - Vampiric Draining     Necr           70%        2d11      0%          3
g - Apportation           Tloc           100%       N/A       0%          1
h - Haunt                 Necr/Summ      32%        N/A       1%          7
i - Blink                 Tloc           100%       N/A       0%          2

Your spell library contained the following spells:

 Spells                   Type           Power      Damage    Failure   Level
 Beastly Appendage        Tmut           100%       N/A       0%          1
 Freeze                   Ice            100%       1d10      0%          1
 Kiss of Death            Conj/Necr      100%       2d13      0%          1
 Magic Dart               Conj           100%       1d8       0%          1
 Necrotise                Necr           100%       1d9       0%          1
 Shock                    Conj/Air       100%       1d9       0%          1
 Slow                     Hex            100%       N/A       0%          1
 Cigotuvi's Dreadful Rot  Necr/Pois/Air  100%       N/A       0%          2
 Ensorcelled Hibernation  Hex/Ice        100%       N/A       0%          2
 Passwall                 Tmut/Erth      50%        N/A       0%          2
 Poisonous Vapours        Pois/Air       100%       N/A       0%          2
 Searing Ray              Conj           100%       2d8       0%          2
 Static Discharge         Conj/Air       100%       2-7/arc   0%          2
 Sublimation of Blood     Necr           70%        N/A       0%          2
 Wereblood                Tmut           60%        N/A       0%          2
 Frozen Ramparts          Ice            100%       1d16      0%          3
 Hailstorm                Conj/Ice       60%        3d13      0%          3
 Inner Flame              Hex/Fire       60%        N/A       0%          3
 Kindle Blastsparks       Fire/Tloc/Air  100%       2d18      0%          3
 Mephitic Cloud           Conj/Pois/Air  60%        N/A       0%          3
 Vhi's Electric Charge    Tloc/Air       100%       N/A       0%          3
 Animate Dead             Necr           70%        N/A       0%          4
 Agony                    Necr           70%        N/A       0%          5
 Animate Armour           Summ/Erth      100%       N/A       1%          4
 Cause Fear               Hex            30%        N/A       1%          4
 Flame Wave               Conj/Fire      60%        2d14      1%          4
 Fulminant Prism          Conj/Hex       30%        3d15      1%          4
 Ice Form                 Ice/Tmut       60%        N/A       1%          4
 Iskenderun's Mystic Bla  Conj/Tloc      60%        2d13      1%          4
 Manifold Assault         Tloc           60%        N/A       1%          4
 Passage of Golubria      Tloc           60%        N/A       1%          4
 Petrify                  Tmut/Erth      60%        N/A       1%          4
 Summon Ice Beast         Ice/Summ       60%        N/A       1%          4
 Alistair's Intoxication  Tmut/Pois      40%        N/A       1%          5
 Arcjolt                  Conj/Air       30%        1d40      1%          5
 Blade Hands              Tmut           30%        N/A       1%          5
 Fireball                 Conj/Fire      30%        3d13      1%          5
 Iskenderun's Battlesphe  Conj           60%        2d11      1%          5
 Lee's Rapid Deconstruct  Erth           30%        3d16*     1%          5
 Lightning Bolt           Conj/Air       30%        1d47      1%          5
 Summon Forest            Summ/Tloc      30%        N/A       1%          5
 Summon Mana Viper        Hex/Summ       60%        N/A       1%          5
 Conjure Ball Lightning   Conj/Air       30%        3x3d10    1%          6
 Dispersal                Tloc           30%        N/A       1%          6
 Iron Shot                Conj/Erth      30%        9d6       1%          6
 Simulacrum               Ice/Necr       32%        N/A       1%          6
 Starburst                Conj/Fire      30%        6d9       1%          6
 Summon Cactus Giant      Summ           30%        N/A       1%          6
 Infestation              Necr           35%        N/A       1%          8
 Monstrous Menagerie      Summ           30%        N/A       2%          7
 Ozocubu's Refrigeration  Ice            30%        4d14      2%          7
 Spellforged Servitor     Conj/Summ      30%        N/A       2%          7
 Storm Form               Tmut/Air       30%        N/A       2%          7
 Summon Hydra             Summ           30%        N/A       2%          7
 Necromutation            Tmut/Necr      32%        N/A       6%          8
 Discord                  Hex            30%        N/A       17%         8
 Disjunction              Tloc           30%        N/A       17%         8
 Death's Door             Necr           35%        N/A       28%         9
 Chain Lightning          Conj/Air       30%        3d40      92%         9


Dungeon Overview and Level Annotations

Branches:
Dungeon (15/15)            Temple (1/1) D:5            Lair (5/5) D:9
  Swamp (4/4) Lair:3        Snake (4/4) Lair:3        Slime (5/5) Lair:4
    Orc (2/2) D:11            Elf (3/3) Orc:2        Vaults (5/5) D:13
  Crypt (3/3) Vaults:2       Tomb (0/3) Crypt:3      Depths (4/4) D:15
    Zot (5/5) Depths:4     Bailey (visited)           IceCv (visited)
 WizLab (visited)

Altars:
Ashenzari
Cheibriados
Dithmenos
Elyvilon
Fedhas
Gozag
Hepliaklqana
Kikubaaqudgha
Makhleb
Nemelex Xobeh
Okawaru
Qazlal
Ru
Sif Muna
Trog
Uskayaw
Vehumet
Wu Jian
Xom
Yredelemnul
Zin
The Shining One

Shops:
D:1 (   D:3 [   D:12 *!   Orc:2 ?!=[   Elf:2 ((   Elf:3 :==?   Snake:2 [
Vaults:1 =   Vaults:5 [=   Depths:1 !   Depths:4 ?**(

Portals:
Hell: Depths:1 Depths:2 Depths:3 Depths:4
Abyss: Depths:3
Pandemonium: Orc:2 Depths:2
Ziggurat: Depths:4

Annotations:
Vaults:1 2 transporters, Aclimpov's ghost, adept GrEE


Innate Abilities, Weirdness & Mutations

Your life essence is reduced to manifest your ancestor. (-10% HP)
You have very sharp teeth.
Your uncanny sense of smell can sniff out nearby items.
Your experience applies equally to all skills.
You are frail. (-10% HP)
You have an increased reservoir of magic. (+10% MP)
Your system is resistant to poisons. (rPois)
You occasionally shout uncontrollably at your foes.


Message History

The Orb Guardian is severely wounded.
Inhapi casts a spell at the Orb Guardian.
The crystal spear hits the Orb Guardian!!!
The Orb Guardian dies!
Your Throwing skill increases to level 20!
(D) Dungeon (T) Temple (L) Lair (S) Swamp (P) Snake Pit (M) Slime Pits (O) Orcish Mines (E) Elven Halls (V) Vaults (C) Crypt (W) Tomb (U) Depths (H) Hell (Z) Zot
Where to? (Enter - D:1, ? - help)
There is a stone staircase leading up here.
You climb upwards.
There is a stone staircase leading down here.
You swap places.
You swap places.
There is a stone staircase leading down here.
There is a faded altar of an unknown god here.
An Ice Fiend comes into view.
You swap places.
You hit the Ice Fiend.
The Ice Fiend is lightly wounded.
You slice the Ice Fiend!!
You bite the Ice Fiend, but do no damage.
The Ice Fiend is moderately wounded.
Inhapi hits the Ice Fiend with a +0 lajatang of freezing!!!
The Ice Fiend completely misses you. You block the Ice Fiend's attack.
You slash the Ice Fiend!
The Ice Fiend is almost dead.
You slash the Ice Fiend!
You kill the Ice Fiend!
Your life force feels restored.
(D) Dungeon (T) Temple (L) Lair (S) Swamp (P) Snake Pit (M) Slime Pits (O) Orcish Mines (E) Elven Halls (V) Vaults (C) Crypt (W) Tomb (U) Depths (H) Hell (Z) Zot
Where to? (Enter - D:1 @ (x,y), ? - help) HP restored.
You see here a +0 ring mail.
There is a staircase leading out of the dungeon here.
You have escaped!

.#########.# #.................
.#########.#####............†....
.##..................###...##..##
.##.######.#####.....###.#.....#
.##.# #.# #......[..#...##.##
.##.# ################.###.#
.##.# #.............#..###.###
.##.######.............#....#...#
.........#......@^.....#..#.###.#
###.######......R......##.#.# #..
#..###..#........[....#....###..
#.......######.#.######.........
#.####.#.#.###...###............
#......#.#...#.#.#..............
#..#####.#.###...###........#...
#..# #.#.# #.#.# #.##...###...
#..# #.#.# #...###.##..†###...


You could see the friendly Inhapi the battlemage.

Vanquished Creatures
  the Royal Jelly (Slime:5)
  3 ancient liches
  5 orbs of fire (Zot:5)
  3 Killer Klowns (Zot:5)
  Vv (Crypt:1)
  A curse toe (Zot:2)
  Nikola (Elf:3)
  A profane servitor (D:4)
  5 golden dragons
  A bone dragon (Depths:4)
  An electric golem (Zot:5)
  13 Orb Guardians
  3 liches
  A Hell Sentinel (D:14)
  An Ice Fiend (D:1)
  8 tentacled monstrosities
  A deep elf master archer (Elf:3)
  3 quicksilver dragons
  A deep elf blademaster (Elf:3)
  14 acid blobs
  3 sphinxes
  4 ancient champions
  Gastronok (Lair:1)
  4 death cobs
  2 draconian monks
  5 storm dragons
  8 tengu reavers
  3 rockslimes
  A thorn hunter (Swamp:4)
  5 revenants
  4 nagarajas (Snake:4)
  8 azure jellies
  5 shadow dragons
  12 vault wardens
  A fenstrider witch (Swamp:4)
  2 demonspawn warmongers
  3 fire giants
  An iron dragon (Depths:3)
  7 frost giants
  4 deep elf sorcerers
  7 curse skulls
  The ghost of Taant the Earth Mage, a journeyman GrEE of Gozag (D:14)
  A ghost moth (Zot:5)
  2 draconian shifters
  11 very ugly things
  Aizul (Depths:1)
  A balrug (D:14)
  3 cacodemons
  A deep elf elementalist (Elf:3)
  2 war gargoyles
  2 ghouls (Crypt:3)
  3 orc warlords
  A reaper (Zot:3)
  An angel (D:10)
  A demonspawn corrupter (D:7)
  A draconian stormcaller (Zot:2)
  8 stone giants
  5 quicksilver oozes
  A draconian annihilator (Depths:4)
  11 ironbound preservers
  5 green draconians
  5 ironbound thunderhulks
  5 red draconians
  6 dire elephants
  3 vampire knights
  5 black draconians
  3 spark wasps
  4 eleionomae
  A deep elf annihilator (Elf:3)
  2 yellow draconians
  2 bunyips
  4 white draconians
  8 purple draconians
  3 eidola
  A quicksilver dragon zombie (Crypt:1)
  4 ettins
  5 deep elf death magi
  2 jiangshi
  A merfolk impaler (Depths:2)
  2 shambling mangroves
  4 fire dragons
  5 great orbs of eyes
  6 yaktaur captains
  3 deep elf high priests
  7 hydras
  3 ogre magi
  4 ghost crabs
  An ice dragon (Depths:2)
  2 demonspawn (Orc:2)
  4 spriggan air magi
  The ghost of Crownlay the Frost Mage, a journeyman GnIE of Uskayaw (D:10)
  7 ironbound frosthearts
  A rakshasa (Depths:3)
  9 centaur warriors
  30 vault guards
  4 catoblepae
  A peacekeeper (Vaults:3)
  3 boulder beetles
  4 two-headed ogres
  19 dancing weapons
  11 anacondas
  5 death yaks (Lair:5)
  5 alligators
  A death knight (D:14)
  2 tengu warriors
  3 vampire magi
  4 naga warriors
  A deep troll earth mage (Depths:2)
  The ghost of Selgatrox the Thaumaturge, a novice DrAE of Vehumet (Lair:1)
  Urug (Orc:1)
  4 orc high priests
  3 deep troll shamans
  A shock serpent (Snake:1)
  2 spriggan berserkers
  A soul eater (D:14)
  A titan zombie (Crypt:2)
  5 naga sharpshooters
  A titan skeleton (Crypt:3)
  8 deep elf knights
  A hell knight (Depths:2)
  A shadow wraith (Crypt:3)
  3 iron trolls
  A sea snake (Snake:1)
  8 skeletal warriors
  A spriggan druid (Swamp:4)
  2 goliath frogs
  2 salamander mystics
  5 bog bodies
  3 wizards
  9 deep elf archers
  8 flayed ghosts
  8 ironbound convokers
  35 deep trolls
  2 phantasmal warriors (Vaults:5)
  3 swamp dragons
  4 naga ritualists
  2 harpies (Vaults:1)
  10 deep elf pyromancers
  Pikel (D:4)
  4 necromancers
  6 lindwurms
  19 orc knights
  13 deep elf zephyrmancers
  2 mana vipers
  A shining eye (Slime:3)
  6 manticores
  14 salamanders
  2 wolf spiders
  20 ugly things
  3 cyclopes
  2 will-o-the-wisps
  11 moths of wrath
  3 orc sorcerers (Orc:2)
  A stone giant skeleton (Crypt:3)
  Maurice (D:12)
  21 black mambas
  An eleionoma skeleton (Crypt:1)
  13 elephants
  A moth of wrath (shapeshifter) (Vaults:2)
  A dire elephant zombie (Crypt:2)
  14 vault sentinels
  6 naga magi
  An ice statue (IceCv)
  An orange demon (D:12)
  5 guardian serpents
  A rust devil (Zot:1)
  Maggie (D:7)
  An eye of devastation (Slime:4)
  A gargoyle (D:12)
  A centaur skeleton (Crypt:2)
  5 komodo dragons
  A torpor snail (Lair:5)
  An unseen horror (shapeshifter) (Elf:3)
  6 freezing wraiths
  A kobold demonologist (D:11)
  3 green draconian skeletons
  8 cane toads
  4 rime drakes
  3 anaconda simulacra (IceCv)
  3 guardian mummies
  7 ice devils
  8 trolls
  17 yaktaurs
  A battlemage (Elf:2)
  A troll (shapeshifter) (Elf:2)
  A hellwing (Swamp:4)
  A polar bear (Lair:5)
  A queen bee (Lair:2)
  3 tyrant leeches
  5 hornets
  2 harpy skeletons (Crypt:2)
  2 blink frogs (shapeshifter)
  14 blink frogs
  A centaur simulacrum (D:13)
  Sigmund (D:4)
  A flying skull (Crypt:2)
  60 slime creatures
  3 spriggans
  3 air elementals (WizLab)
  2 shadows
  2 dire elephant simulacra (IceCv)
  7 golden eyes
  2 water elementals
  25 yaks
  6 wraiths
  A chaos spawn (Swamp:4)
  6 wyverns
  4 basilisks
  A neqoxec (D:10)
  A fire elemental (Elf:3)
  10 vampire mosquitoes
  2 death yak simulacra (IceCv)
  A harpy simulacrum (IceCv)
  3 wargs
  14 nagas
  An acid dragon (D:10)
  Edmund (D:4)
  6 swamp worms
  4 water moccasins
  2 hydra simulacra (IceCv)
  2 floating eyes
  A glowing shapeshifter zombie (Crypt:1)
  A naga skeleton (Crypt:2)
  42 orc warriors
  An ice beast (D:5)
  2 black bears
  9 wolves
  3 boggarts
  11 ogres
  A centaur (D:4)
  3 lemures (D:4)
  A hog skeleton (Crypt:2)
  A phantom (D:5)
  2 kobold brigands
  2 bullfrogs
  5 gnoll sergeants
  A necrophage (D:5)
  A cane toad simulacrum (IceCv)
  3 scorpions
  A two-headed ogre simulacrum (IceCv)
  4 wights
  A hornet simulacrum (D:13)
  Dowan (D:6)
  An elephant simulacrum (IceCv)
  18 killer bees
  4 electric eels
  4 howler monkeys
  A wolf skeleton (Crypt:2)
  3 quasits (D:10)
  18 orc priests
  2 hounds (D:5)
  2 jellies (D:7)
  Jessica (D:2)
  3 iguanas
  7 orc wizards
  6 hell rats (Lair:2)
  3 polar bear simulacra (IceCv)
  A spriggan simulacrum (IceCv)
  4 wolf simulacra (IceCv)
  A naga zombie (Crypt:1)
  An acid dragon skeleton (Crypt:3)
  7 gnolls
  14 adders
  A river rat (Lair:2)
  2 white imps (IceCv)
  2 ufetubi
  An adder skeleton (Crypt:2)
  3 worms
  4 dart slugs
  52 orcs
  5 bats
  8 endoplasms
  4 giant cockroaches
  7 goblins
  6 hobgoblins
  12 kobolds
  4 quokkas
  8 ball pythons
  A ball python skeleton (Crypt:2)
  2 frilled lizards (D:2)
  4 rats
  3 briar patches (Swamp:4)
1347 creatures vanquished.

Vanquished Creatures (collateral kills)
  A dread lich (Crypt:3)
  An ancient lich (Vaults:5)
  4 orbs of fire (Zot:5)
  Mara (Depths:1)
  A pandemonium lord (Zot:1)
  Sojobo (Depths:1)
  Boris (Vaults:5)
  A Killer Klown (Zot:5)
  A curse toe (Zot:2)
  2 golden dragons
  A Brimstone Fiend (Zot:1)
  A Tzitzimitl (Zot:3)
  A doom hound (Crypt:2)
  Cloud Mage (WizLab)
  6 tentacled monstrosities
  An electric golem (Zot:5)
  Jorgrun (Orc:2)
  6 titans (Vaults:5)
  4 quicksilver dragons
  2 liches
  18 Orb Guardians
  12 acid blobs
  5 death cobs
  4 ancient champions (Crypt:3)
  2 sphinxes
  3 shadow dragons
  Kirke (Snake:2)
  A thorn hunter (Swamp:4)
  7 rockslimes
  3 draconian monks
  A revenant (Crypt:2)
  4 nagarajas
  6 storm dragons
  6 tengu reavers
  A daeva (Depths:2)
  10 azure jellies
  6 fenstrider witches
  2 draconian knights
  3 fire giants
  4 frost giants
  An iron dragon (Depths:3)
  2 draconian scorchers (Zot:3)
  2 curse skulls
  6 deep elf sorcerers
  A frost giant (shapeshifter) (Vaults:5)
  10 vault wardens
  2 reapers
  3 draconian stormcallers
  2 demonspawn blood saints
  A draconian shifter (Zot:2)
  An orc warlord (Vaults:4)
  2 deep elf elementalists (Elf:3)
  5 stone giants
  10 ironbound preservers
  5 draconian annihilators
  6 quicksilver oozes
  A demonspawn corrupter (D:9)
  3 ghouls
  2 war gargoyles
  13 very ugly things
  A demonspawn black sun (D:14)
  3 eleionomae (Swamp:3)
  4 vampire knights
  An ironbound thunderhulk (Vaults:4)
  3 deep elf annihilators (Elf:3)
  5 black draconians
  4 deep elf demonologists
  5 green draconians
  2 spectral hellephants (Crypt:2)
  2 red draconians (Zot:4)
  2 bunyips
  6 white draconians
  10 dire elephants
  9 spark wasps
  3 yellow draconians
  5 purple draconians
  Snorg (D:14)
  A bunyip (shapeshifter) (Depths:1)
  10 fire dragons
  A green death (Snake:1)
  5 eidola
  4 ettins
  2 spectral elves (Crypt:2)
  7 deep elf death magi
  A blizzard demon (WizLab)
  2 crystal guardians (Vaults:3)
  A jiangshi (Crypt:3)
  An entropy weaver (Vaults:4)
  6 deep elf high priests
  3 ice dragons
  5 yaktaur captains
  8 vault guards
  Harold (Lair:2)
  2 great orbs of eyes
  5 hydras
  A peacekeeper (Vaults:3)
  A rakshasa (Depths:3)
  2 catoblepae
  A spriggan air mage (Depths:2)
  A ghost crab (WizLab)
  A demonspawn (Orc:2)
  A salamander tyrant (Snake:4)
  3 ironbound frosthearts
  4 alligators
  5 ogre magi
  2 two-headed ogres
  4 anacondas
  A centaur warrior (Vaults:4)
  5 boulder beetles
  A death knight (Crypt:3)
  4 tengu warriors
  2 deep troll shamans
  4 death yaks (Lair:5)
  17 dancing weapons
  3 deep troll earth magi
  4 spriggan berserkers
  3 orc high priests
  9 naga warriors
  4 shock serpents
  A sun demon (D:4)
  5 deep elf knights
  7 iron trolls
  6 naga sharpshooters
  A soul eater (Crypt:1)
  A shadow wraith (Crypt:3)
  20 skeletal warriors
  2 salamander mystics
  A sixfirhy (Swamp:4)
  3 goliath frogs
  A shadow demon (D:14)
  A cherub (D:15)
  16 deep trolls
  6 wizards
  4 flayed ghosts
  2 spriggan druids
  2 death drakes (WizLab)
  4 phantasmal warriors
  5 swamp dragons
  2 lindwurms (Vaults:1)
  4 naga ritualists
  A ghost moth zombie (Crypt:3)
  2 glowing orange brains
  8 deep elf archers
  2 harpies (Vaults:1)
  5 ironbound convokers
  3 bog bodies
  15 deep elf pyromancers
  23 deep elf zephyrmancers
  2 necromancers
  9 orc knights
  21 ugly things
  3 cyclopes
  2 shining eyes
  10 salamanders
  2 manticores
  A will-o-the-wisp (Swamp:4)
  3 mana vipers
  6 orc sorcerers
  6 moths of wrath
  6 naga magi
  A moth of wrath (shapeshifter) (Vaults:3)
  5 elephants (Lair:5)
  A rust devil (Orc:2)
  8 vault sentinels
  3 eyes of devastation
  24 black mambas
  3 guardian serpents (Snake:4)
  2 orange demons (Swamp:4)
  2 gargoyles
  An unseen horror (D:13)
  2 cane toads
  2 freezing wraiths (Crypt:1)
  A dire elephant skeleton (Crypt:3)
  A tengu conjurer (Depths:2)
  An efreet (D:13)
  12 yaktaurs
  A yaktaur (shapeshifter) (D:14)
  4 komodo dragons
  An anaconda simulacrum (IceCv)
  3 guardian mummies (Crypt:3)
  5 ice devils (IceCv)
  3 red devils
  A bloated husk (Swamp:4)
  A hydra zombie (Crypt:3)
  6 trolls
  A meliai (D:13)
  3 tyrant leeches
  9 hornets
  A hellwing (Orc:2)
  A moth of wrath zombie (Crypt:2)
  2 polar bears
  A jumping spider zombie (Crypt:1)
  12 blink frogs
  54 slime creatures
  A fire dragon zombie (Crypt:3)
  2 culicivoras (shapeshifter)
  6 air elementals (WizLab)
  8 spriggans
  A spriggan (shapeshifter) (D:14)
  An alligator skeleton (Crypt:2)
  7 wraiths
  23 yaks
  4 water elementals
  A wyvern (D:10)
  A hog (Snake:2)
  4 basilisks
  3 vampires
  4 golden eyes
  2 chaos spawn (Swamp:4)
  3 neqoxecs (Swamp:4)
  2 death yak simulacra (IceCv)
  14 vampire mosquitoes
  9 swamp worms
  15 nagas
  A two-headed ogre skeleton (Crypt:1)
  An acid dragon (D:8)
  2 water moccasins (Lair:1)
  Duvessa (D:6)
  3 swamp drakes
  An elephant zombie (Crypt:2)
  22 orc warriors
  A cane toad skeleton (Crypt:1)
  A dream sheep zombie (Crypt:3)
  An ice beast (D:8)
  A black bear (shapeshifter) (Vaults:5)
  6 wolves
  A centaur (D:13)
  6 boggarts
  3 ogres
  A phantom (D:7)
  3 kobold brigands (D:11)
  A blink frog skeleton (Crypt:3)
  6 bullfrogs
  A necrophage (Crypt:1)
  A cane toad simulacrum (IceCv)
  3 earth elementals
  A scorpion (D:7)
  4 wights
  A wyvern skeleton (Crypt:3)
  A spriggan zombie (Crypt:1)
  22 killer bees
  2 elephant simulacra (IceCv)
  2 howler monkeys
  2 hounds (D:7)
  5 jellies
  12 orc priests
  14 orc wizards
  2 hell rats (Lair:2)
  3 polar bear simulacra (IceCv)
  A wolf simulacrum (IceCv)
  A mummy (D:15)
  3 gnolls
  An adder (D:6)
  2 white imps (IceCv)
  29 orcs
  2 endoplasms (Lair:4)
  3 goblins
  A ball python zombie (Crypt:1)
  4 kobolds
  3 briar patches (Swamp:4)
  A butterfly (Lair:2)
1131 creatures vanquished.

Vanquished Creatures (others)
  A black draconian (Zot:1)
  A blizzard demon (WizLab)
  A death drake (WizLab)
  A wizard (D:15)
  A phantasmal warrior (Vaults:5)
  A deep elf zephyrmancer (Elf:2)
  3 bloated husks
  A hornet (Swamp:3)
  A water elemental (Elf:2)
  A chaos spawn (Swamp:4)
  A swamp worm (Swamp:4)
  A naga (Snake:1)
  An orc warrior (Vaults:5)
  82 battlemagi
  2 orc wizards
  2 ancestors
  3 briar patches (Swamp:4)
  14 demonic plants
  13 foxfires
  17 fungi
  54 plants
  2 withered plants (D:1)
204 creatures vanquished.

Grand Total: 2682 creatures vanquished

Notes
Turn   | Place    | Note
-------+----------+-------------------------------------------
     0 | D:1      | rlgrobin the Gnoll Wanderer began the quest for the Orb.
     0 | D:1      | rlgrobin set off with the following items: a +1 hand axe, a
                  | +2 scale mail, a potion of lignification.
     0 | D:1      | Reached XP level 1. HP: 23/23 MP: 1/1
   193 | D:1      | Found a faded altar of an unknown god.
   226 | D:1      | Reached XP level 2. HP: 28/29 MP: 2/2
   295 | D:1      | Found Xeing's Antique Weapon Boutique.
   726 | D:2      | Reached XP level 3. HP: 32/35 MP: 2/4
   731 | D:2      | Reached skill level 1 in Invocations
   877 | D:2      | Reached skill level 1 in Short Blades
   877 | D:2      | Reached skill level 1 in Long Blades
   877 | D:2      | Reached skill level 1 in Maces & Flails
   877 | D:2      | Reached skill level 1 in Polearms
   877 | D:2      | Reached skill level 1 in Staves
   877 | D:2      | Reached skill level 1 in Ranged Weapons
   877 | D:2      | Reached skill level 1 in Dodging
   877 | D:2      | Reached skill level 1 in Shields
   877 | D:2      | Reached skill level 1 in Unarmed Combat
   877 | D:2      | Reached skill level 1 in Spellcasting
   877 | D:2      | Reached skill level 1 in Evocations
   949 | D:2      | Reached XP level 4. HP: 41/41 MP: 5/5
   995 | D:2      | Noticed Jessica
  1003 | D:2      | Killed Jessica
  1004 | D:2      | Reached skill level 1 in Conjurations
  1004 | D:2      | Reached skill level 1 in Hexes
  1004 | D:2      | Reached skill level 1 in Summonings
  1004 | D:2      | Reached skill level 1 in Necromancy
  1004 | D:2      | Reached skill level 1 in Translocations
  1004 | D:2      | Reached skill level 1 in Transmutations
  1004 | D:2      | Reached skill level 1 in Fire Magic
  1004 | D:2      | Reached skill level 1 in Ice Magic
  1004 | D:2      | Reached skill level 1 in Air Magic
  1004 | D:2      | Reached skill level 1 in Earth Magic
  1004 | D:2      | Reached skill level 1 in Poison Magic
  1040 | D:2      | Identified the +3 long sword "Secret Weapon" {heavy, *Noise
                  | rElec Will++ SInv}
  1067 | D:2      | Reached XP level 5. HP: 35/47 MP: 5/7
  1271 | D:2      | Found a sparkling altar of Nemelex Xobeh.
  1468 | D:3      | Found Xeraeck's Armour Shop.
  2098 | D:4      | Noticed a centaur
  2099 | D:4      | Noticed a black bear
  2254 | D:4      | Killed a centaur
  2255 | D:4      | Reached XP level 6. HP: 53/53 MP: 8/8
  2362 | D:4      | Reached skill level 5 in Axes
  2419 | D:4      | Noticed Edmund
  2441 | D:4      | Killed a black bear
  2770 | D:5      | Entered Level 5 of the Dungeon
  2782 | D:5      | Reached XP level 7. HP: 60/60 MP: 10/10
  2808 | D:5      | Found a staircase to the Ecumenical Temple.
  2817 | Temple   | Entered the Ecumenical Temple
  2900 | Temple   | Became a worshipper of Hepliaklqana the Forgotten
  2962 | D:5      | Reached skill level 2 in Necromancy
  3117 | D:5      | Found an opulent altar of Gozag.
  3504 | D:5      | Reached XP level 8. HP: 67/67 MP: 12/12
  3682 | D:4      | Noticed Sigmund
  3696 | D:4      | Killed Sigmund
  3790 | D:4      | Reached * piety under Hepliaklqana
  3837 | D:4      | Found a glowing silver altar of Zin.
  4014 | D:4      | Killed Edmund
  4092 | D:4      | Noticed Pikel
  4106 | D:4      | Killed Pikel
  4107 | D:4      | Reached skill level 3 in Necromancy
  4181 | D:3      | Bought a +2 hat for 160 gold pieces
  4243 | D:6      | Reached XP level 9. HP: 65/65 MP: 12/14
  4893 | D:6      | Reached skill level 5 in Throwing
  5021 | D:6      | Noticed Dowan
  5023 | D:6      | Noticed Duvessa
  5040 | D:6      | Killed Dowan
  5042 | D:6      | Killed Duvessa
  5043 | D:6      | Reached skill level 5 in Stealth
  5501 | D:7      | Reached skill level 5 in Invocations
  5630 | D:8      | Reached skill level 4 in Necromancy
  5636 | D:8      | Reached skill level 5 in Short Blades
  5636 | D:8      | Reached skill level 5 in Long Blades
  5636 | D:8      | Reached skill level 5 in Maces & Flails
  5636 | D:8      | Reached skill level 5 in Polearms
  5636 | D:8      | Reached skill level 5 in Staves
  5636 | D:8      | Reached skill level 5 in Ranged Weapons
  5636 | D:8      | Reached skill level 5 in Dodging
  5636 | D:8      | Reached skill level 5 in Shields
  5636 | D:8      | Reached skill level 5 in Unarmed Combat
  5636 | D:8      | Reached skill level 5 in Spellcasting
  5636 | D:8      | Reached skill level 5 in Evocations
  5636 | D:8      | Reached XP level 10. HP: 67/72 MP: 15/17
  5720 | D:8      | Found a flagged portal.
  5781 | Bailey   | Entered a bailey
  5819 | Bailey   | Noticed an orc knight
  6028 | Bailey   | Killed an orc knight
  6467 | D:8      | Reached ** piety under Hepliaklqana
  6468 | D:8      | Remembered your ancestor Inhapi as a battlemage
  6539 | D:8      | Found a burning altar of Makhleb.
  6759 | D:9      | Found a sacrificial altar of Ru.
  7026 | D:9      | Found a staircase to the Lair.
  7080 | D:9      | Found a bloodstained altar of Trog.
  7167 | D:9      | Found a snail-covered altar of Cheibriados.
  7265 | D:9      | Reached skill level 5 in Conjurations
  7265 | D:9      | Reached skill level 5 in Hexes
  7265 | D:9      | Reached skill level 5 in Summonings
  7265 | D:9      | Reached skill level 5 in Necromancy
  7265 | D:9      | Reached skill level 5 in Translocations
  7265 | D:9      | Reached skill level 5 in Transmutations
  7265 | D:9      | Reached skill level 5 in Fire Magic
  7265 | D:9      | Reached skill level 5 in Ice Magic
  7265 | D:9      | Reached skill level 5 in Air Magic
  7265 | D:9      | Reached skill level 5 in Earth Magic
  7265 | D:9      | Reached skill level 5 in Poison Magic
  7267 | D:9      | Reached XP level 11. HP: 69/80 MP: 18/20
  7450 | D:9      | Found an ornate altar of the Wu Jian Council.
  7561 | D:10     | Entered Level 10 of the Dungeon
  8003 | D:10     | Found an ancient bone altar of Kikubaaqudgha.
  8073 | D:10     | Found a runed translucent door.
  8074 | D:10     | Found a shimmering altar of Xom.
  8074 | D:10     | Noticed Crownlay's ghost (journeyman GnIE)
  8074 | D:10     | Noticed a +2 halberd of chaos
  8087 | D:10     | Reached *** piety under Hepliaklqana
  8568 | D:10     | Identified the +2 robe "Luducior" {Rampage Str+7}
  8789 | Lair:1   | Entered Level 1 of the Lair of Beasts
  8927 | Lair:1   | Found a frozen archway.
  8936 | IceCv    | Entered an ice cave
  9161 | IceCv    | Reached XP level 12. HP: 87/87 MP: 22/22
  9419 | IceCv    | Reached skill level 6 in Necromancy
  9711 | IceCv    | Reached skill level 10 in Fighting
  9711 | IceCv    | Reached skill level 10 in Armour
 10003 | IceCv    | Found an ancient bone altar of Kikubaaqudgha.
 10501 | Lair:1   | Noticed Selgatrox's ghost (novice DrAE)
 10501 | Lair:1   | Noticed an eight-headed hydra
 10502 | Lair:1   | Noticed a catoblepas
 10510 | Lair:1   | Found a transporter.
 10576 | Lair:1   | Reached **** piety under Hepliaklqana
 10737 | Lair:1   | Found a transporter.
 11029 | Lair:1   | Noticed Gastronok
 11041 | Lair:1   | Killed Gastronok
 11315 | Lair:2   | Reached skill level 7 in Necromancy
 11320 | Lair:2   | Learned a level 3 spell: Confusing Touch
 11324 | Lair:2   | Learned a level 3 spell: Vampiric Draining
 11425 | Lair:2   | Noticed Harold
 11433 | Lair:2   | Killed Harold
 11434 | Lair:2   | Reached XP level 13. HP: 79/93 MP: 21/25
 12841 | Lair:3   | Found a staircase to the Swamp.
 12896 | Lair:3   | Found a staircase to the Snake Pit.
 13107 | Lair:3   | Got the Guidebook on Twisted Gusts
 13211 | Lair:3   | Reached ***** piety under Hepliaklqana
 13595 | Lair:3   | Reached skill level 8 in Necromancy
 13999 | Lair:4   | Found a runed translucent door.
 14074 | Lair:4   | Found a staircase to the Slime Pits.
 14320 | Lair:4   | Reached skill level 10 in Axes
 14410 | Lair:4   | Learned a level 4 spell: Dispel Undead
 14439 | Lair:4   | You are sucked into a shaft and drop 1 floor!
 14439 | Lair:5   | Entered Level 5 of the Lair of Beasts
 15069 | Lair:4   | Reached skill level 10 in Invocations
 15069 | Lair:4   | Reached XP level 14. HP: 54/101 MP: 2/27
 15854 | Lair:5   | Reached skill level 9 in Necromancy
 16676 | Lair:5   | Reached skill level 10 in Throwing
 16817 | Lair:5   | Reached skill level 10 in Stealth
 18224 | D:11     | Reached skill level 10 in Short Blades
 18224 | D:11     | Reached skill level 10 in Long Blades
 18224 | D:11     | Reached skill level 10 in Maces & Flails
 18224 | D:11     | Reached skill level 10 in Polearms
 18224 | D:11     | Reached skill level 10 in Staves
 18224 | D:11     | Reached skill level 10 in Ranged Weapons
 18224 | D:11     | Reached skill level 10 in Dodging
 18224 | D:11     | Reached skill level 10 in Shields
 18224 | D:11     | Reached skill level 10 in Unarmed Combat
 18224 | D:11     | Reached skill level 10 in Spellcasting
 18224 | D:11     | Reached skill level 10 in Evocations
 18613 | D:11     | Found a staircase to the Orcish Mines.
 18633 | D:11     | Reached skill level 10 in Necromancy
 19123 | D:11     | Reached XP level 15. HP: 108/108 MP: 29/29
 19227 | D:12     | Found Refinyff's Distillery.
 19229 | D:12     | Reached ****** piety under Hepliaklqana
 19254 | D:12     | Bought a potion of degeneration for 15 gold pieces
 19254 | D:12     | Bought 2 potions of curing for 90 gold pieces
 19508 | D:12     | Noticed Maurice
 19512 | D:12     | Paralysed by Maurice for 5 turns
 19518 | D:12     | Killed Maurice
 19828 | D:12     | Found Kangaria's General Store.
 19850 | D:12     | Bought a scroll of magic mapping for 112 gold pieces
 20290 | D:13     | Found a bloodstained altar of Trog.
 20290 | D:13     | Found a glowing golden altar of the Shining One.
 20300 | D:13     | Found a white marble altar of Elyvilon.
 20300 | D:13     | Found a shimmering altar of Xom.
 20648 | D:13     | Got the Enchiridion on Fluctuating Cryomancy
 20653 | D:13     | Got Xemuabra's More Theurgy
 21752 | D:13     | Found a gate to the Vaults.
 22886 | D:1      | Bought a glowing broad axe for 147 gold pieces
 23026 | D:7      | Noticed Maggie
 23032 | D:7      | Killed Maggie
 23090 | Orc:1    | Entered Level 1 of the Orcish Mines
 23158 | Orc:1    | Noticed an orc warlord
 23182 | Orc:1    | Noticed Urug
 23190 | Orc:1    | Killed an orc warlord
 23191 | Orc:1    | Reached skill level 11 in Necromancy
 23192 | Orc:1    | Killed Urug
 23533 | Orc:1    | You are sucked into a shaft and drop 1 floor!
 23533 | Orc:2    | Entered Level 2 of the Orcish Mines
 23535 | Orc:2    | Noticed Jorgrun
 23581 | Orc:2    | Killed Jorgrun
 24280 | Orc:2    | Found Riblinen's Distillery.
 24281 | Orc:2    | Found Ifralu's Magic Scroll Boutique.
 24297 | Orc:2    | Reached XP level 16. HP: 43/116 MP: 10/30
 24714 | Orc:2    | Bought a potion of cancellation for 120 gold pieces
 24714 | Orc:2    | Bought a potion of haste for 150 gold pieces
 24714 | Orc:2    | Bought a potion of heal wounds for 75 gold pieces
 24716 | Orc:2    | Bought a scroll of teleportation for 48 gold pieces
 24716 | Orc:2    | Bought a scroll of blinking for 120 gold pieces
 25274 | Orc:2    | Found a staircase to the Elven Halls.
 25577 | Orc:2    | Found Wafoed's Antique Armour Shoppe.
 25577 | Orc:2    | Found Omoadetu's Jewellery Emporium.
 25578 | Orc:2    | Found a one-way gate leading to the halls of Pandemonium.
 25591 | Orc:2    | Bought a runed hat for 210 gold pieces
 25997 | D:10     | Killed Crownlay's ghost
 26440 | D:14     | Noticed Snorg
 26448 | D:14     | Killed Snorg
 26506 | D:14     | Got the Spellbook of Fever
 26968 | D:14     | Found a runed translucent gate.
 26968 | D:14     | Found a runed translucent gate.
 26968 | D:14     | Found a runed translucent gate.
 26969 | D:14     | Noticed Taant's ghost (journeyman GrEE)
 26988 | D:14     | You are sucked into a shaft and drop 1 floor!
 26988 | D:15     | Entered Level 15 of the Dungeon
 27205 | D:15     | Found a snail-covered altar of Cheibriados.
 27453 | D:15     | Reached skill level 12 in Necromancy
 27754 | D:15     | Found a portal to a secret trove of treasure.
 27834 | D:15     | Found a staircase to the Depths.
 28794 | D:14     | Killed Taant's ghost
 29268 | Orc:2    | Bought a scroll of acquirement for 832 gold pieces
 29269 | Orc:2    | Acquired 1049 gold pieces
 29273 | Orc:2    | Bought a scroll of fog for 64 gold pieces
 29273 | Orc:2    | Bought a scroll of blinking for 120 gold pieces
 29468 | Snake:1  | Entered Level 1 of the Snake Pit
 29595 | Snake:1  | Reached XP level 17. HP: 78/123 MP: 19/32
 29918 | Snake:1  | Found a transporter.
 29947 | Snake:1  | Found a glowing silver altar of Zin.
 30268 | Snake:1  | Reached skill level 10 in Conjurations
 30268 | Snake:1  | Reached skill level 10 in Hexes
 30268 | Snake:1  | Reached skill level 10 in Summonings
 30268 | Snake:1  | Reached skill level 10 in Translocations
 30268 | Snake:1  | Reached skill level 10 in Transmutations
 30268 | Snake:1  | Reached skill level 10 in Fire Magic
 30268 | Snake:1  | Reached skill level 10 in Ice Magic
 30268 | Snake:1  | Reached skill level 10 in Air Magic
 30268 | Snake:1  | Reached skill level 10 in Earth Magic
 30268 | Snake:1  | Reached skill level 10 in Poison Magic
 30708 | Snake:1  | Found a transporter.
 31417 | Snake:2  | Found Ladghin's Antique Armour Shop.
 31419 | Snake:2  | You are sucked into a shaft and drop 1 floor!
 31709 | Snake:2  | Bought a pair of masterwork boots for 332 gold pieces
 31709 | Snake:2  | Identified the +0 pair of boots "Efipog" {Regen+ Dex+4 SInv
                  | Stlth-} (You bought it in a shop on level 2 of the Snake
                  | Pit)
 31762 | Snake:2  | Noticed Kirke
 31769 | Snake:2  | Noticed a sphinx
 31770 | Snake:2  | Killed Kirke
 32336 | Snake:3  | Identified the +3 whip of the Vendetta {freeze, rPois MP+9
                  | Int+4}
 32770 | Snake:3  | Reached skill level 13 in Necromancy
 33233 | Snake:4  | Entered Level 4 of the Snake Pit
 33830 | Snake:4  | Reached XP level 18. HP: 98/131 MP: 19/34
 34982 | Snake:4  | Got a serpentine rune of Zot
 35136 | Swamp:1  | Entered Level 1 of the Swamp
 36096 | Swamp:2  | Identified the +2 short sword "Kuomomm" {vamp, rC+ rN+
                  | Stlth+}
 36818 | Swamp:2  | Reached skill level 14 in Necromancy
 37081 | Swamp:3  | Identified the +1 chain mail of Beogh's Felicitations {+Inv
                  | Dex+3}
 37998 | Lair:1   | Killed Selgatrox's ghost
 38010 | Lair:1   | Reached XP level 19. HP: 71/137 MP: 6/36
 38252 | Swamp:4  | Entered Level 4 of the Swamp
 39204 | Swamp:4  | Noticed a tentacled monstrosity
 39224 | Swamp:4  | Killed a tentacled monstrosity
 39693 | Swamp:4  | Got a decaying rune of Zot
 40140 | Snake:1  | Reached skill level 15 in Fighting
 40140 | Snake:1  | Reached skill level 15 in Armour
 40187 | Snake:1  | Identified the ring of the Sparrow {rF+ Int+6}
 40196 | Snake:1  | Identified the ring "Zafreoc" {Wiz rF++ Will+}
 40512 | Vaults:1 | Entered Level 1 of the Vaults
 40542 | Vaults:1 | Identified the +4 robe of Okawaru's Vengeance {rCorr Dex+4}
 40722 | Vaults:1 | Found Vampo's Jewellery Boutique.
 40731 | Vaults:1 | Bought an amulet of reflection for 630 gold pieces
 40796 | Vaults:1 | Found a transporter.
 40796 | Vaults:1 | Found a transporter.
 40796 | Vaults:1 | Noticed Aclimpov's ghost (adept GrEE)
 41169 | Vaults:1 | Reached skill level 15 in Necromancy
 41424 | Vaults:1 | Reached skill level 15 in Invocations
 41536 | Vaults:1 | Reached XP level 20. HP: 135/145 MP: 37/37
 42284 | Vaults:2 | Found a flickering gateway to a bazaar.
 42319 | Bazaar   | Entered a bazaar
 42319 | Bazaar   | Found Buashriem's Assorted Antiques.
 42319 | Bazaar   | Found Qyesmici's Jewellery Shoppe.
 42319 | Bazaar   | Found Sitruwal's Antique Weapon Shoppe.
 42320 | Bazaar   | Found Xozuk's Weapon Emporium.
 42320 | Bazaar   | Found Yliytof's Antique Armour Emporium.
 42352 | Bazaar   | Bought a runed scarf for 296 gold pieces
 42352 | Bazaar   | Bought a shiny helmet for 277 gold pieces
 42368 | Bazaar   | Bought a runed broad axe for 91 gold pieces
 42874 | Vaults:2 | Paralysed by a great orb of eyes for 4 turns
 43024 | Vaults:2 | Found a staircase to the Crypt.
 43044 | Vaults:2 | Reached skill level 15 in Axes
 43816 | Vaults:3 | Reached skill level 16 in Necromancy
 44003 | Vaults:3 | Reached XP level 21. HP: 153/153 MP: 39/39
 44702 | Vaults:3 | Reached skill level 15 in Throwing
 44718 | Vaults:3 | Reached skill level 15 in Stealth
 45603 | Vaults:4 | Reached skill level 15 in Short Blades
 45603 | Vaults:4 | Reached skill level 15 in Long Blades
 45603 | Vaults:4 | Reached skill level 15 in Maces & Flails
 45603 | Vaults:4 | Reached skill level 15 in Polearms
 45603 | Vaults:4 | Reached skill level 15 in Staves
 45603 | Vaults:4 | Reached skill level 15 in Ranged Weapons
 45603 | Vaults:4 | Reached skill level 15 in Dodging
 45603 | Vaults:4 | Reached skill level 15 in Shields
 45603 | Vaults:4 | Reached skill level 15 in Unarmed Combat
 45603 | Vaults:4 | Reached skill level 15 in Spellcasting
 45603 | Vaults:4 | Reached skill level 15 in Evocations
 46650 | Depths:1 | Entered Level 1 of the Depths
 46662 | Depths:1 | Noticed Sojobo
 46679 | Depths:1 | Killed Sojobo
 46743 | Depths:1 | Noticed Aizul
 46759 | Depths:1 | Killed Aizul
 46772 | Depths:1 | Found a magical portal.
 46782 | WizLab   | Entered The Chambers of the Cloud Mage
 46809 | WizLab   | Paralysed by an air elemental for 1 turns
 46813 | WizLab   | Paralysed by an air elemental for 1 turns
 46923 | WizLab   | Paralysed by an air elemental for 1 turns
 46986 | WizLab   | Reached XP level 22. HP: 151/158 MP: 41/41
 47027 | WizLab   | Paralysed by an air elemental for 1 turns
 47067 | WizLab   | Paralysed by an air elemental for 1 turns
 47139 | WizLab   | Acquired 838 gold pieces
 47251 | WizLab   | Paralysed by an air elemental for 1 turns
 47301 | WizLab   | Paralysed by an air elemental for 1 turns
 47306 | WizLab   | Paralysed by an air elemental for 1 turns
 47311 | WizLab   | Noticed Duagunt
 47322 | WizLab   | Killed Duagunt the Cloud Mage
 47409 | WizLab   | Got the Annotations on Exhalation
 47417 | WizLab   | Learned a level 3 spell: Swiftness
 47778 | Depths:1 | Found Lyopt's Distillery.
 47787 | Depths:1 | Bought a potion of heal wounds for 85 gold pieces
 47787 | Depths:1 | Bought a potion of haste for 170 gold pieces
 47787 | Depths:1 | Bought a potion of heal wounds for 85 gold pieces
 47787 | Depths:1 | Bought a potion of heal wounds for 85 gold pieces
 47814 | Depths:1 | Found a runed translucent door.
 47874 | Depths:1 | Reached skill level 17 in Necromancy
 47876 | Depths:1 | Noticed Mara
 47882 | Depths:1 | Killed Mara
 48141 | Depths:1 | Found a gateway to Hell.
 48773 | Depths:2 | Noticed a golden dragon
 48786 | Depths:2 | Killed a golden dragon
 49360 | Depths:2 | Found the +0 mask of the Dragon {Will+ Slay+3 SInv}
 49598 | Depths:3 | Found a broken altar of Ashenzari.
 49799 | Depths:3 | Found a one-way gate to the infinite horrors of the Abyss.
 49899 | Depths:4 | Entered Level 4 of the Depths
 49956 | Depths:3 | Reached XP level 23. HP: 131/168 MP: 42/42
 49974 | Depths:3 | Noticed a golden dragon
 49983 | Depths:3 | Killed a golden dragon
 50017 | Depths:3 | Learned a level 5 spell: Borgnjor's Vile Clutch
 50024 | Depths:3 | Learned a level 6 spell: Death Channel
 50050 | Depths:3 | Identified the +4 scimitar of Righteous Anger {protect,
                  | rC++ Str+2 Dex-4}
 50666 | Depths:4 | Noticed a golden dragon
 50734 | Depths:4 | Found Eco Weil's General Store.
 50734 | Depths:4 | Found Neipefuint's Assorted Antiques.
 51114 | Depths:4 | Found a one-way gateway to a ziggurat.
 51163 | Depths:4 | Killed a golden dragon
 51183 | Depths:4 | Reached skill level 18 in Necromancy
 51244 | Depths:4 | Found a gate to the Realm of Zot.
 51414 | Depths:4 | Found Jeirch's Antique Weapon Shop.
 51414 | Depths:4 | Found Etaoxouj's Magic Scroll Boutique.
 51437 | Depths:4 | Bought 2 potions of haste for 360 gold pieces
 51442 | Depths:4 | Bought a scroll of teleportation for 72 gold pieces
 51442 | Depths:4 | Bought a scroll of teleportation for 72 gold pieces
 51442 | Depths:4 | Bought a scroll of blinking for 180 gold pieces
 51445 | Depths:4 | Bought a scroll of enchant weapon for 277 gold pieces
 51917 | Elf:1    | Entered Level 1 of the Elven Halls
 51963 | Elf:1    | Acquired the +2 pair of gloves "Ewatef Tymu" {Dex+5}
 52307 | Elf:1    | Found an ancient bone altar of Kikubaaqudgha.
 52612 | Elf:2    | Found Jetzifif's Weapon Boutique.
 52870 | Elf:2    | Found Kaciepn's Antique Weapon Boutique.
 52950 | Elf:2    | Found a runed translucent gate.
 52954 | Elf:2    | Found a runed translucent gate.
 52955 | Elf:2    | Found a runed translucent gate.
 53164 | Elf:2    | Learned a level 1 spell: Apportation
 53681 | Elf:3    | Entered Level 3 of the Elven Halls
 53703 | Elf:3    | Identified the +2 pair of gloves of Baleful Fun {+Inv}
 53726 | Elf:3    | Noticed Nikola
 53736 | Elf:3    | Killed Nikola
 53982 | Elf:3    | Reached XP level 24. HP: 177/177 MP: 43/43
 54597 | Elf:3    | Identified the +1 robe of a Gauntlet {+Inv SInv}
 54598 | Elf:3    | Identified the amulet "Wuithraco" {Acrobat *Corrode rF+++
                  | rC+ SInv}
 54628 | Elf:3    | Identified the +7 morningstar of Duty {protect, *Slow rPois
                  | rF- rN++}
 54629 | Elf:3    | Identified the +8 scimitar "Beetleslayer" {flame, rElec
                  | Int+3}
 54684 | Elf:3    | Identified the +6 mace of the Teaching Gods {holy, rF+
                  | Int+4}
 54684 | Elf:3    | Identified the ring "Ducvapab" {rElec Str-3 Int+3 Dex+6}
 54751 | Elf:3    | Identified the +2 ring mail "Motior" {Str+4 Dex-4 SInv}
 54780 | Elf:3    | Identified the ring of Beogh's Displeasure {rPois MP+9
                  | Str-5 Dex+3}
 55127 | Elf:3    | Found Fauxypto's Book Shop.
 55128 | Elf:3    | Found Jeos's Jewellery Emporium.
 55128 | Elf:3    | Found Nieclomy's Jewellery Emporium.
 55219 | Elf:3    | Found Yffyrrirea's Magic Scroll Emporium.
 55231 | Elf:3    | Bought a scroll of teleportation for 33 gold pieces
 55231 | Elf:3    | Bought a scroll of enchant armour for 82 gold pieces
 55580 | Crypt:1  | Entered Level 1 of the Crypt
 55772 | Crypt:1  | Noticed Vv
 55808 | Crypt:1  | Killed Vv
 56605 | Crypt:2  | Reached skill level 19 in Necromancy
 56997 | Crypt:2  | Noticed an ancient lich
 57004 | Crypt:2  | Killed an ancient lich
 57266 | Crypt:3  | Entered Level 3 of the Crypt
 57969 | Crypt:3  | Reached XP level 25. HP: 146/183 MP: 44/44
 58364 | Crypt:3  | Found a staircase to the Tomb.
 58629 | Crypt:3  | Found the +8 mithril axe "Arga" {speed, Will+}
 58825 | Crypt:3  | Noticed a dread lich
 58834 | Crypt:3  | Killed a dread lich
 58986 | Vaults:5 | Entered Level 5 of the Vaults
 59548 | Vaults:4 | Reached skill level 15 in Conjurations
 59548 | Vaults:4 | Reached skill level 15 in Hexes
 59548 | Vaults:4 | Reached skill level 15 in Summonings
 59548 | Vaults:4 | Reached skill level 15 in Translocations
 59548 | Vaults:4 | Reached skill level 15 in Transmutations
 59548 | Vaults:4 | Reached skill level 15 in Fire Magic
 59548 | Vaults:4 | Reached skill level 15 in Ice Magic
 59548 | Vaults:4 | Reached skill level 15 in Air Magic
 59548 | Vaults:4 | Reached skill level 15 in Earth Magic
 59548 | Vaults:4 | Reached skill level 15 in Poison Magic
 59799 | Vaults:5 | Noticed an ancient lich
 59799 | Vaults:5 | Noticed Boris
 59979 | Vaults:5 | Found the +5 Lochaber axe {reach-cleave, Poleaxe Drain}
 60140 | Vaults:5 | Identified the +1 robe "Yfyabruo" {Harm rElec Str+5 Dex-5}
 60180 | Vaults:5 | Identified the +6 flail of Burnt Integrity {heavy, Str+3
                  | Int-3 SInv Stlth+}
 60337 | Vaults:5 | Identified the +2 hand axe of the Briny Deep {heavy, rC++}
 60346 | Vaults:5 | Killed Boris
 60347 | Vaults:5 | Reached skill level 20 in Necromancy
 60364 | Vaults:5 | Killed an ancient lich
 60369 | Vaults:5 | Noticed an ancient lich
 60377 | Vaults:5 | Killed an ancient lich
 60629 | Vaults:5 | Reached XP level 26. HP: 78/191 MP: 44/44
 60850 | Vaults:5 | Got a silver rune of Zot
 61025 | Vaults:5 | Found Xalucaod's Jewellery Shoppe.
 61099 | Vaults:5 | Found Kubyrunn's Antique Armour Shop.
 61195 | Vaults:5 | Bought a fading plate armour for 532 gold pieces
 61195 | Vaults:5 | Identified the +4 plate armour of the Lily {*Slow Will++
                  | Str+3} (You bought it in a shop on level 5 of the Vaults)
 62318 | Orc:2    | Bought a scroll of enchant weapon for 120 gold pieces
 62521 | D:15     | You paid a toll of a +6 demon trident to enter a treasure
                  | trove
 62522 | Trove    | Entered a treasure trove
 62527 | Trove    | Identified the +10 sling of Qazlal's Envy {drain, Fly rN++
                  | Int-3}
 62528 | Trove    | Identified the +4 quarterstaff of Perversion {venom, Str+3
                  | Int+5}
 62532 | Trove    | Identified the +8 morningstar of the Unseen Realm
                  | {antimagic, *Slow rC+ Will++ Dex+2}
 62535 | Trove    | Identified the +8 great mace of Howling Disembowelment
                  | {antimagic, *Rage +Blink rCorr Str+7}
 63458 | Slime:1  | Entered Level 1 of the Pits of Slime
 64903 | Slime:4  | Learned a level 7 spell: Haunt
 65295 | Slime:5  | Entered Level 5 of the Pits of Slime
 65595 | Slime:5  | Noticed the Royal Jelly
 65620 | Slime:5  | Killed the Royal Jelly
 65859 | Slime:5  | Identified the +7 triple sword "Azoykha" {freeze, rElec
                  | SInv}
 65890 | Slime:5  | Identified the +4 sling of Trog, Screaming {antimagic,
                  | Will+ Dex+4}
 65938 | Slime:5  | Identified the amulet "Ficzeco" {Spirit Str+2 Int+3 Dex+3}
 65955 | Slime:5  | Identified the amulet of the Lotus Blossom {*Slow Regen+
                  | Int+6 Dex+2}
 65994 | Slime:5  | Got a slimy rune of Zot
 66688 | Zot:1    | Entered Level 1 of the Realm of Zot
 67280 | Zot:1    | Identified the +9 falchion of Offence {speed, rElec rF-
                  | Int+5}
 67982 | Zot:1    | Reached XP level 27. HP: 47/182 MP: 45/45
 68316 | Zot:2    | Reached skill level 21 in Necromancy
 70525 | Zot:4    | Learned a level 2 spell: Blink
 71058 | Zot:5    | Entered Level 5 of the Realm of Zot
 71540 | Zot:5    | Noticed an orb of fire
 71545 | Zot:5    | Noticed an orb of fire
 71826 | Zot:5    | Noticed an orb of fire
 71830 | Zot:5    | Gained mutation: Your flesh is heat resistant. (rF+) [an
                  | orb of fire]
 71838 | Zot:5    | Killed an orb of fire
 71857 | Zot:5    | Noticed an orb of fire
 71882 | Zot:5    | Killed an orb of fire
 71911 | Zot:5    | Noticed an ancient lich
 71917 | Zot:5    | Killed an ancient lich
 71934 | Zot:5    | Noticed an orb of fire
 71936 | Zot:5    | Killed an orb of fire
 71953 | Zot:5    | Killed an orb of fire
 72242 | Zot:5    | Noticed an orb of fire
 72264 | Zot:5    | Noticed an orb of fire
 72266 | Zot:5    | Killed an orb of fire
 72267 | Zot:5    | Noticed an orb of fire
 72267 | Zot:5    | Noticed an orb of fire
 72274 | Zot:5    | Gained mutation: You are vulnerable to cold. (rC-) [an orb
                  | of fire]
 72275 | Zot:5    | Gained mutation: You are dopey. (Int -2) [an orb of fire]
 72420 | Zot:5    | Gained mutation: You are very vulnerable to cold. (rC--)
                  | [an orb of fire]
 72422 | Zot:5    | Killed an orb of fire
 72423 | Zot:5    | Reached skill level 22 in Necromancy
 72581 | Depths:4 | Lost mutation: You are very vulnerable to cold. (rC--)
                  | [potion of mutation]
 72581 | Depths:4 | Lost mutation: Your flesh is heat resistant. (rF+) [potion
                  | of mutation]
 72581 | Depths:4 | Lost mutation: You are vulnerable to cold. (rC-) [potion of
                  | mutation]
 72581 | Depths:4 | Gained mutation: You are clumsy. (Dex -2) [potion of
                  | mutation]
 72581 | Depths:4 | Gained mutation: Your body sometimes deteriorates upon
                  | taking damage. [potion of mutation]
 72581 | Depths:4 | Gained mutation: You occasionally lose the ability to read
                  | scrolls when taking damage. [potion of mutation]
 72581 | Depths:4 | Gained mutation: You have a somewhat thin skeletal
                  | structure. (Dex +2, Stealth+) [potion of mutation]
 72664 | Depths:1 | Lost mutation: You have a somewhat thin skeletal structure.
                  | (Dex +2, Stealth+) [potion of mutation]
 72664 | Depths:1 | Lost mutation: Your body sometimes deteriorates upon taking
                  | damage. [potion of mutation]
 72664 | Depths:1 | Lost mutation: You are clumsy. (Dex -2) [potion of
                  | mutation]
 72664 | Depths:1 | Gained mutation: You are frail. (-10% HP) [potion of
                  | mutation]
 72664 | Depths:1 | Gained mutation: Your system is resistant to poisons.
                  | (rPois) [potion of mutation]
 72664 | Depths:1 | Gained mutation: You expend magic power (3 MP) to
                  | strengthen your wands. [potion of mutation]
 72664 | Depths:1 | Lost mutation: You are dopey. (Int -2) [potion of mutation]
 72916 | Vaults:4 | Lost mutation: You expend magic power (3 MP) to strengthen
                  | your wands. [potion of mutation]
 72916 | Vaults:4 | Lost mutation: You occasionally lose the ability to read
                  | scrolls when taking damage. [potion of mutation]
 72916 | Vaults:4 | Gained mutation: You have an increased reservoir of magic.
                  | (+10% MP) [potion of mutation]
 73322 | Zot:5    | Killed an orb of fire
 73423 | Zot:5    | Gained mutation: You occasionally shout uncontrollably at
                  | your foes. [an orb of fire]
 73424 | Zot:5    | Killed an orb of fire
 73668 | Zot:5    | Killed an orb of fire
 73862 | Zot:5    | Identified the +9 hand axe "rlgrobin's Curse" {freeze, rF+
                  | rCorr Stlth+}
 73980 | Zot:5    | Got the Orb of Zot
 74260 | Zot:1    | Noticed Vaotaest the pandemonium lord
 74277 | Zot:1    | Killed Vaotaest the pandemonium lord
 74713 | D:8      | Noticed Runyilo the pandemonium lord
 74778 | D:5      | Noticed Qeqigrai the pandemonium lord
 74950 | D:$      | Escaped with the Orb!

Illustrated notes

Levels and vault maps discovered:
D:1:      lemuel_arrival_hallway, layout_loops_ring,
          shapermc_ecumenical_altar_gd, serial_shops, nicolae_shop_stone
D:2:      minmay_general_purpose_star, layout_rooms, basic_altar, uniq_jessica
D:3:      layout_basic, serial_shops, shop
D:4:      layout_rooms, zin_statuary, uniq_edmund, uniq_pikel, uniq_sigmund
D:5:      layout_cave_pools, grunt_gozag_breadcrumbs,
          minmay_temple_entry_junction_2
D:6:      layout_gridville, uniq_duvessa
D:7:      layout_basic, minmay_fractal_squares_5, uniq_maggie
D:8:      layout_rooms, lemuel_doored_altar, enter_bailey_3
D:9:      minmay_flawed_box, layout_stronghold, nicolae_ru_sacrificial_ziggurat,
          general_overflow_altar, mainiacjoe_overflow_big_doors
D:10:     layout_small_grid, nicolae_kikubaaqudgha_miasma_corner,
          serial_demonic, serial_demonic_c, serial_demonic_b, serial_demonic_b,
          serial_demonic_b, serial_demonic_c, serial_demonic_b,
          ebering_ghost_xom
D:11:     layout_loops_ring, kennysheep_orc_monster_closet_entryway
D:12:     layout_basic, serial_shops, nicolae_shop_hallway_stairs,
          nicolae_square_shop, nicolae_wwwww, uniq_maurice
D:13:     minmay_the_grid_octo_tiled_squarecenter_mashed
          [minmay_the_grid_octo_toaster, minmay_the_grid_octo_shrine,
          minmay_the_grid_octo_77, minmay_the_grid_octo_chip,
          minmay_the_grid_square_5x5_megaprize_crossed,
          minmay_the_grid_square_5x5_inner_i,
          minmay_the_grid_square_5x5_eight_small,
          minmay_the_grid_square_5x5_checkered_sparse,
          minmay_the_grid_square_5x5_corner], layout_loops_cross,
          david_vaults_5, grunt_ministairs_4, glass_columns_b,
          kennysheep_crisscross
D:14:     minmay_stepped, layout_stronghold, ebering_ghost_rock_garden,
          nrook_mini_backslash, uniq_snorg
D:15:     grunt_enter_depths_hoard, layout_irregular_city,
          nicolae_trove_entry_path_of_doom, serial_bayou_pond_c, slow_altar_1
Temple:   nicolae_temple_great_sept
Lair:1:   layout_long_grid, portal_ice_cave_entry_pillars_1,
          gammafunk_ghost_berserking_beasts, infiniplex_staircase_pool_2,
          uniq_gastronok
Lair:2:   regret_index_wax_grids, layout_layer_cave, lemuel_fruit_fields,
          uniq_harold
Lair:3:   layout_layer_cave, swamp_mist, dummy_snake_entry
Lair:4:   layout_regular_city, slime_entry_2
Lair:5:   evilmike_catoblepas_cave, layout_hall_layers,
          minmay_stone_trees_small, chequers_serial_rivers_micro_d,
          serial_bayou_lake_a
Swamp:1:  layout_basic_swamp, serial_swamp_ruin, evilmike_swamp_ruin_wall,
          evilmike_swamp_ruin_rubble_1, evilmike_swamp_ruin_house_3
Swamp:2:  layout_basic_swamp, evilmike_swamp_ruin_rubble_2
Swamp:3:  layout_falls_marsh, evilmike_swamp_ruin_house_5, swamp_pool4
Swamp:4:  nzn_swamp_witches_coven, layout_basic_swamp, infiniplex_staircase_pool
Snake:1:  gammafunk_its_a_trap, layout_basic, basic_altar, serial_curves,
          eino_curves_02, eino_curves_02, lemuel_fruit_tree,
          serial_bayou_shore_a
Snake:2:  kennysheep_six_static_rooms, layout_onion_interference, serial_shops,
          shop, uniq_kirke
Snake:3:  layout_grid_maze, nicolae_snake_boneroom
Snake:4:  grunt_snake_rune_serpentine_throne, layout_gridlike
Slime:1:  layout_caves
Slime:2:  layout_caves
Slime:3:  layout_caves
Slime:4:  layout_caves
Slime:5
Orc:1:    layout_diamond_mine, uniq_urug
Orc:2:    pf_orc_diabolical, layout_caves, uniq_jorgrun
Elf:1:    nicolae_elf_arrival_aired_out, layout_gridlike, basic_altar,
          minivault_28, st_stairs_8, lemuel_upstairs_altar
Elf:2:    elven_hall_of_blades_hangedman_original
          [nicolae_blade_entry_antechamber], layout_rooms, serial_shops,
          nicolae_stop_n_shop_1, shop
Elf:3:    minmay_elf_hall_dome, layout_onion_city, serial_shops,
          nicolae_shop_stone, minmay_shop_grove, uniq_nikola
Vaults:1: gammafunk_ghost_arena, vaults_dpeg_spiral,
          nicolae_vaults_stairing_the_circle, ontoclasm_vaults_claustrophobia,
          nicolae_vaults_network_s, v_pattern_1, vaults_dpeg_encased_lava,
          hangedman_vaults_slice, layout_vaults_chaotic_city, serial_shops,
          nicolae_diamond_shop
Vaults:2: ontoclasm_vaults_gateway, minmay_crypt_entry_simple_round,
          vaults_room_guarded_vault, v_misc_31, v_alt_pattern_1,
          hangedman_vaults_restitches, nicolae_vaults_little_squares_6,
          v_misc_28, hangedman_vaults_slice, nicolae_vaults_little_squares_4,
          hangedman_vaults_nails, nicolae_vaults_big_angled_halls,
          vaults_mumra_chevron_long, nicolae_vaults_rhombus_5,
          layout_vaults_omnibox, serial_shops, bzr_entry_water
Vaults:3: nicolae_vaults_border_crossing, vaults_dpeg_diagonal,
          vaults_room_ringed_pool, hangedman_vaults_restitches,
          nicolae_vaults_network_star, vaults_room_grid, ontoclasm_vaults_twist,
          v_alt_pattern_6, special_room_vaults [special_room_orc],
          vaults_room_stairs_pillars, layout_vaults_quadrants
Vaults:4: nicolae_vaults_little_squares_2, ontoclasm_vaults_hangar,
          nicolae_vaults_network_periphery, vaults_room_hallway,
          nicolae_vaults_what_the_h, v_misc_9, v_misc_24, v_misc_27,
          nicolae_vaults_triangles, nicolae_vaults_yaktaur_gun_rack,
          grunt_vaults_hallway_short, layout_vaults_ring
Vaults:5: uniq_boris
Crypt:1:  layout_misc_corridors, serial_sigils_hangedman_leer,
          nicolae_crypt_small_crypt, uniq_vv
Crypt:2:  layout_regular_city, nicolae_crypt_ancient_font,
          beargit_elvish_explorers
Crypt:3:  david_glass_crypt, layout_basic, tomb_entry_simple_bobbens,
          st_stairs_2, nicolae_crypt_small_crypt
Depths:1: layout_cave_shapes, serial_shops, nicolae_shop_stone,
          mu_enter_wizlab_6, serial_bayou_pond_e, hell_entry, st_stairs_9,
          grunt_ministairs_10, minmay_acid_items, grunt_megastairs_5,
          uniq_sojobo, uniq_mara, uniq_aizul
Depths:2: nzn_winding_woodlands_cross
          [nzn_winding_woodlands_5x15_river_crossing,
          nzn_winding_woodlands_5x15_lazy_stream,
          nzn_winding_woodlands_5x15_jagged,
          nzn_winding_woodlands_5x15_sawtooth,
          nzn_winding_woodlands_15x15_killbox], layout_basic,
          rand_demon_pan_entry_1, hell_entry, moated_statue
Depths:3: minmay_mutant_horseshoe, layout_cave_shapes,
          grunt_hell_entry_dis_grunt, abyss_entry, cheibrodos_ashenzari_chains,
          corexii_corridor_pit, hangedman_abyss_or_decor_jellyfish_corner,
          kennysheep_generic_room_14
Depths:4: evilmike_zot_entry_diamond, layout_gridlike, enter_ziggurat_e,
          pf_hell_entry_tar_spiral, minmay_shoptagon
Zot:1:    layout_cathedral_of_symmetry
Zot:2:    layout_gridville
Zot:3:    layout_misc_corridors, grunt_megastairs_4
Zot:4:    layout_misc_corridors
Zot:5:    layout_basic, skrybe_zot_glass_3

Skill      XL: |  1  2  3  4  5  6  7  8  9 10 11 12 13 14 15 16 17 18 19 20 21 22 23 24 25 26 27 |
---------------+----------------------------------------------------------------------------------+-----
Invocations    | 1 2 3 4 5 6 7 8 10 11 12 13 14 15 16 17 18 19 20 21 | 21.4
Short Blades   | 1 2 3 5 6 7 8 9 10 11 12 13 14 15 16 17 18 19 | 19.8
Long Blades    | 1 2 3 5 6 7 8 9 10 11 12 13 14 15 16 17 18 19 | 19.8
Maces & Flails | 1 2 3 5 6 7 8 9 10 11 12 13 14 15 16 17 18 19 | 19.8
Polearms       | 1 2 3 5 6 7 8 9 10 11 12 13 14 15 16 17 18 19 | 19.8
Staves         | 1 2 3 5 6 7 8 9 10 11 12 13 14 15 16 17 18 19 | 19.8
Ranged Weapons | 1 2 3 5 6 7 8 9 10 11 12 13 14 15 16 17 18 19 | 19.8
Dodging        | 1 2 3 5 6 7 8 9 10 11 12 13 14 15 16 17 18 19 | 19.8
Shields        | 1 2 3 5 6 7 8 9 10 11 12 13 14 15 16 17 18 19 | 19.8
Unarmed Combat | 1 2 3 5 6 7 8 9 10 11 12 13 14 15 16 17 18 19 | 19.8
Spellcasting   | 1 2 3 5 6 7 8 9 10 11 12 13 14 15 16 17 18 19 | 19.8
Evocations     | 1 2 3 5 6 7 8 9 10 11 12 13 14 15 16 17 18 19 | 19.8
Conjurations   | 1 2 3 4 5 6 7 8 9 10 11 12 13 14 15 16 | 16.9
Hexes          | 1 2 3 4 5 6 7 8 9 10 11 12 13 14 15 16 | 16.9
Summonings     | 1 2 3 4 5 6 7 8 9 10 11 12 13 14 15 16 | 16.9
Necromancy     | 1 2 3 4 5 7 8 10 11 12 13 14 15 16 17 18 19 20 22 | 22.4
Translocations | 1 2 3 4 5 6 7 8 9 10 11 12 13 14 15 16 | 16.9
Transmutations | 1 2 3 4 5 6 7 8 9 10 11 12 13 14 15 16 | 16.9
Fire Magic     | 1 2 3 4 5 6 7 8 9 10 11 12 13 14 15 16 | 16.9
Ice Magic      | 1 2 3 4 5 6 7 8 9 10 11 12 13 14 15 16 | 16.9
Air Magic      | 1 2 3 4 5 6 7 8 9 10 11 12 13 14 15 16 | 16.9
Earth Magic    | 1 2 3 4 5 6 7 8 9 10 11 12 13 14 15 16 | 16.9
Poison Magic   | 1 2 3 4 5 6 7 8 9 10 11 12 13 14 15 16 | 16.9
Throwing       | 3 4 5 6 7 8 9 10 11 12 13 14 15 16 17 18 20 | 20.0
Stealth        | 3 4 5 6 7 8 9 10 11 12 13 14 15 16 17 18 19 | 19.9
Axes           | 5 6 7 8 9 10 11 12 13 14 15 16 17 18 19 20 | 20.2
Fighting       | 7 8 9 10 11 12 13 14 15 16 17 18 19 20 | 20.7
Armour         | 7 8 9 10 11 12 13 14 15 16 17 18 19 20 | 20.7

Action                     |  1- 3 |  4- 6 |  7- 9 | 10-12 | 13-15 | 16-18 | 19-21 | 22-24 | 25-27 || total
---------------------------+-------+-------+-------+-------+-------+-------+-------+-------+-------++-------
  Melee: Hand axe          |    95 |   181 |   238 |       |       |       |       |       |       ||   514
         Bite              |    11 |    20 |    33 |    54 |   137 |   166 |   197 |   214 |   441 ||  1273
         War axe           |       |       |    24 |   333 |   731 |       |       |       |       ||  1088
         Broad axe         |       |       |       |       |   134 |   987 |  1006 |  1054 |  1777 ||  4958
         Eveningstar       |       |       |       |       |       |     8 |     5 |       |       ||    13
         Unarmed           |       |       |       |       |       |     1 |       |       |       ||     1
  Throw: Dart              |       |     1 |    17 |     1 |     1 |    17 |     7 |    10 |    10 ||    64
   Cast: Vampiric Draining |       |       |       |       |     5 |     2 |       |       |       ||     7
         Dispel Undead     |       |       |       |       |       |    12 |       |    24 |    40 ||    76
         Death Channel     |       |       |       |       |       |       |       |     2 |       ||     2
         Borgnjor's Vile C |       |       |       |       |       |       |       |     2 |       ||     2
         Swiftness         |       |       |       |       |       |       |       |     1 |     1 ||     2
 Invoke: Ancestor Identity |       |       |     1 |       |       |       |       |       |       ||     1
         Recall Ancestor   |       |       |     2 |     1 |     3 |    13 |    10 |    10 |    11 ||    50
         Ancestor Life: Ba |       |       |       |     1 |       |       |       |       |       ||     1
         Idealise          |       |       |       |       |       |     4 |     1 |     5 |     7 ||    17
  Evoke: Wand              |       |       |    12 |    19 |    18 |    18 |     2 |     5 |     8 ||    82
         Condenser vane    |       |       |       |     1 |     1 |     1 |     2 |     3 |       ||     8
         Lightning rod     |       |       |       |       |     9 |     1 |       |     3 |       ||    13
         Phantom mirror    |       |       |       |       |       |     1 |     1 |     2 |       ||     4
         Box of beasts     |       |       |       |       |       |     1 |     1 |     1 |     1 ||     4
         Phial of floods   |       |       |       |       |       |       |       |     3 |     1 ||     4
    Use: Potion            |       |     1 |     1 |     2 |     5 |    11 |     7 |     9 |    22 ||    58
         Scroll            |       |       |    10 |    13 |    15 |    13 |     5 |    15 |     9 ||    80
   Stab: Distracted        |       |       |     1 |    17 |    39 |    32 |    51 |    46 |    69 ||   255
         Paralysed         |       |       |       |     2 |     2 |    13 |     3 |       |     6 ||    26
         Sleeping          |       |       |       |     1 |    11 |    16 |     9 |     7 |     6 ||    50
         Invisible         |       |       |       |     1 |       |       |       |       |       ||     1
         Petrified         |       |       |       |       |     3 |     2 |       |       |       ||     5
         Confused          |       |       |       |       |       |     1 |       |       |       ||     1
 Armour: Scale mail        |    53 |   134 |   124 |   105 |    88 |       |       |       |       ||   504
         Plate armour      |       |       |       |    48 |       |       |       |       |       ||    48
         Acid dragon scale |       |       |       |       |   289 |    71 |       |       |    21 ||   381
         Swamp dragon scal |       |       |       |       |       |   195 |   187 |   103 |       ||   485
         Quicksilver drago |       |       |       |       |       |       |       |    47 |   141 ||   188
  Dodge: Dodged            |    43 |   101 |    99 |   133 |   590 |   817 |   620 |   592 |   790 ||  3785
  Block: Buckler           |     4 |    40 |    74 |    90 |   335 |   212 |       |       |       ||   755
         Kite shield       |       |       |       |       |       |   410 |   816 |   957 |  1053 ||  3236
         Reflection        |       |       |       |       |       |    25 |    33 |    60 |    51 ||   169

Table legend: (Time is in decaauts)
 A = Elapsed time spent in this place.
 B = Non-inter-level travel time spent in this place.
 C = Inter-level travel time spent in this place.
 D = Time resting spent in this place.
 E = Time spent auto-exploring this place.
 F = Levels seen in this place.
 G = Mean time per level.
                   A        B        C        D        E       F      G
               +--------+--------+--------+--------+--------+-----+--------+
         Total |  73919 |  65675 |   8244 |  13755 |  33403 |  61 | 1211.8 |
       Dungeon |  19187 |  15363 |   3824 |   2716 |   8868 |  15 | 1279.1 |
        Temple |    199 |    195 |      4 |     66 |     63 |   1 |  199.0 |
          Lair |   8880 |   7923 |    957 |   1614 |   4359 |   5 | 1776.0 |
         Swamp |   4598 |   4454 |    144 |   1420 |   2031 |   4 | 1149.5 |
     Snake Pit |   5639 |   5184 |    455 |    976 |   2698 |   4 | 1409.8 |
    Slime Pits |   2667 |   2398 |    269 |    283 |   1414 |   5 |  533.4 |
  Orcish Mines |   3130 |   2818 |    312 |    931 |   1177 |   2 | 1565.0 |
   Elven Halls |   3418 |   3279 |    139 |    300 |   1572 |   3 | 1139.3 |
        Vaults |   8703 |   7897 |    806 |   1519 |   3754 |   5 | 1740.6 |
         Crypt |   3277 |   3119 |    158 |    577 |   1702 |   3 | 1092.3 |
        Depths |   4866 |   4201 |    665 |    614 |   2242 |   4 | 1216.5 |
           Zot |   6482 |   5977 |    505 |   1806 |   2893 |   5 | 1296.4 |
        Bazaar |     69 |     69 |      0 |      0 |     17 |   1 |   69.0 |
         Trove |     27 |     27 |      0 |      0 |      0 |   1 |   27.0 |
        Bailey |    547 |    547 |      0 |    132 |    140 |   1 |  547.0 |
      Ice Cave |   1499 |   1499 |      0 |    664 |    172 |   1 | 1499.0 |
        Wizlab |    723 |    723 |      0 |    133 |    300 |   1 |  723.0 |
               +--------+--------+--------+--------+--------+-----+--------+

Top non-repeatable levels by time:
  Lair:5: 2708 daAuts
    D:13: 2465 daAuts
   Orc:2: 2352 daAuts
Vaults:4: 2054 daAuts
    D:14: 1993 daAuts
 Snake:1: 1954 daAuts
   Zot:1: 1862 daAuts
Vaults:2: 1835 daAuts
Vaults:1: 1779 daAuts
  Lair:1: 1756 daAuts
 Snake:4: 1737 daAuts
    D:10: 1712 daAuts
  Lair:2: 1687 daAuts
   Zot:5: 1685 daAuts
    D:15: 1681 daAuts
